AoeStats
← 859

Migration

510055611Analyzed
1v1 RM · 4d ago on Sep 29, 2026· 42m 0s· 2 players
Game mode
Random Map
Map size
132×132
Population
200
Speed
Normal
Resources
Standard
Victory
Conquest
Starting age
Dark Age
Ending age
Imperial Age
RankedLock teamsTeams togetherTeam positionsShared explorationLock speedFull tech treeHidden civsTurbo modeCheats
Victory
Defeat
🇪🇸 Dravidians · Spain
1152
+16
🇨🇳 Persians · China
1148
-16
859
13:25 Feudal Age
13:39 Loom
13:45 Double-Bit Axe
13:43 Horse Collar
18:05 Castle Age
15:59 Fletching
16:09 Padded Archer Armor
16:38 Gold Mining
18:30 Wheelbarrow
18:51 Medium Warships
19:51 Bodkin Arrow
20:13 Leather Archer Armor
28:46 Imperial Age
26:34 Hand Cart
26:28 Scale Barding Armor
26:33 Forging
30:41 Bow Saw
30:37 Heavy Plow
31:27 Conscription
31:01 Cavalier
34:04 Bloodlines
33:54 Husbandry
36:03 Chain Barding Armor
41:47 Savar
43:05 Plate Barding Armor
ibaporcanalejas
6:49 Loom
10:06 Feudal Age
11:10 Double-Bit Axe
12:02 Wheelbarrow
11:09 Horse Collar
12:41 Fishing Lines
17:04 Fletching
20:48 Castle Age
20:18 Gold Mining
21:53 Bodkin Arrow
22:21 Bow Saw
22:42 Medium Warships
23:03 Stone Mining
24:05 Town Watch
25:29 Heavy Plow
25:41 Pikeman
28:54 Heated Shot
28:35 Light Cavalry
29:17 Husbandry
30:23 Guard Tower
35:14 Imperial Age
32:56 Scale Barding Armor
33:45 Hand Cart
34:00 Ballistics
34:04 Gillnets
36:13 Forging
36:04 Scale Mail Armor
35:51 Halberdier
36:37 Squires
38:37 Two-Man Saw
39:02 Iron Casting
38:40 Masonry
41:50 Chain Mail Armor
Connection lost

Rejoining the realm…

Still unreachable

The connection could not be restored.

Session expired

The server has moved on; the page needs a fresh start.